 Dungeon Crawl Stone Soup version 0.30-a0-728-gc68057be0a (webtiles) character file.

Game seed: 14510064142292558206

23 omnomnOMINOUS the Sneak (level 2, 0/18 HPs)
             Began as an Octopode Wanderer on Jan 30, 2023.
             Slain by a quokka (5 damage)
             ... on level 1 of the Dungeon.
             The game lasted 00:01:09 (250 turns).

omnomnOMINOUS the Sneak (Octopode Wanderer)          Turns: 250, Time: 00:01:10

Health: 0/18       AC:  1    Str:  9    XL:     2   Next: 95%
Magic:  3/3        EV: 13    Int: 13    God:
Gold:   18         SH:  0    Dex: 14    Spells: 1/3 levels left

rFire   . . .      SeeInvis .    a - +2 dagger
rCold   . . .      Faith    .    (no shield)
rNeg    . . .      Spirit   .    (helmet restricted)
rPois   .          Reflect  .    (no amulet)
rElec   .          Harm     .    (no ring)
rCorr   .          Rampage  .    (no ring)
Will    .....                    (no ring)
Stlth   ++++                     (no ring)
HPRegen 0.23/turn                (no ring)
MPRegen 0.08/turn                (no ring)
                                 (no ring)
                                 (no ring)

@: no status effects
A: almost no armour, amphibious, 8 rings, camouflage 1, gelatinous body 1,
(nimble swimmer 1), tentacles
a: no special abilities


You were on level 1 of the Dungeon.
You visited 1 branch of the dungeon, and saw 1 of its levels.

You collected 18 gold pieces.

Inventory:

Hand Weapons
 a - a +2 dagger (weapon)
 b - a +0 spear
Armour
 f - a +0 buckler
Wands
 d - a wand of polymorph (5) (quivered)
Scrolls
 c - a scroll of blinking
 e - 2 scrolls of teleportation
 g - a scroll of noise {unknown}
 h - a scroll of poison {unknown}
Potions
 i - a potion of magic {unknown}


   Skills:
 + Level 1.2 Fighting
 - Level 3.0 Polearms
 + Level 1.7 Dodging
 - Level 4.0 Stealth
 + Level 1.1 Spellcasting
 - Level 3.2 Evocations


You had one spell level left.
You knew the following spells:

 Your Spells              Type           Power      Damage    Failure   Level
a - Passwall              Tmut/Erth      0%         N/A       38%         2

Your spell library contained the following spells:

 Spells                   Type           Power      Damage    Failure   Level
 Ensorcelled Hibernation  Hex/Ice        0%         N/A       38%         2
 Swiftness                Air            0%         N/A       63%         3


Dungeon Overview and Level Annotations

Branches:
Dungeon (1/15)

Altars:


Innate Abilities, Weirdness & Mutations

You cannot wear most types of armour.
You are amphibious.
You can wear up to eight rings at the same time.
Your skin changes colour to match your surroundings (Stealth+).
Your rubbery body absorbs attacks. (AC +1, EV +1)
((You are camouflaged when in or above water. (Stealth+)))
You have tentacles for arms and can constrict up to eight enemies at once.


Message History

e - 2 scrolls of teleportation (gained 1)
A hobgoblin comes into view.
The hobgoblin shouts!
A quokka comes into view.
You hit the hobgoblin. Your grab misses the hobgoblin.
The hobgoblin is heavily wounded.
The hobgoblin hits you.
You barely miss the hobgoblin. You grab the hobgoblin.
You squeeze the hobgoblin.
You kill the hobgoblin!
You completely miss the quokka. Your grab misses the quokka.
The quokka bites you.
You barely miss the quokka. Your grab misses the quokka.
The quokka bites you but does no damage.
You hit the quokka. Your grab misses the quokka.
The quokka is severely wounded.
The quokka bites you.
You barely miss the quokka. Your grab misses the quokka.
Your squeeze misses the quokka.
The quokka is severely wounded.
The quokka bites you. x2
* * * LOW HITPOINT WARNING * * *
A quokka comes into view.
You are too injured to fight recklessly!
You are too injured to fight recklessly!
You are too injured to fight recklessly!
You are too injured to fight recklessly!
You are too injured to fight recklessly!
You are too injured to fight recklessly!
You are too injured to fight recklessly!
You are too injured to fight recklessly!
You are too injured to fight recklessly!
There are monsters nearby!
You hit the quokka.
You kill the quokka!
You see here a quokka corpse.
You hit the quokka. You grab the quokka.
The quokka is lightly wounded.
You constrict the quokka. The quokka bites you.
You die...

#.#.#....#. ..
#.#.#..... ..
...........
#.#....#. .......
#.... #..r#######
#..@.......
##....#..#.
#.........
#....#..#.
#.........
#..################
###.###..#.#........
#..........#....#.##
#...###..###....#.##


You could see a quokka.

Vanquished Creatures
  A gnoll (D:1)
  2 endoplasms (D:1)
  2 hobgoblins (D:1)
  A quokka (D:1)
  A ball python (D:1)
  A bat (D:1)
  4 goblins (D:1)
12 creatures vanquished.

Notes
Turn   | Place    | Note
-------+----------+-------------------------------------------
     0 | D:1      | omnomnOMINOUS the Octopode Wanderer began the quest for the
                  | Orb.
     0 | D:1      | omnomnOMINOUS set off with the following items: a +2
                  | dagger, a scroll of blinking, a +0 spear, a wand of
                  | polymorph (5), a scroll of teleportation.
     0 | D:1      | Reached XP level 1. HP: 11/11 MP: 1/1
    76 | D:1      | Reached skill level 1 in Fighting
    76 | D:1      | Reached XP level 2. HP: 11/18 MP: 1/3
    79 | D:1      | Learned a level 2 spell: Passwall
   131 | D:1      | Reached skill level 1 in Spellcasting
   250 | D:1      | Slain by a quokka

Illustrated notes

Levels and vault maps discovered:
D:1:      eino_arrival_water_star, layout_basic, grunt_decor_arrowhead,
          reono_crystal_passage, columned_hall_lemuel, minmay_split_cup_large

Skill      XL: |  1  2 |
---------------+-------+-----
Fighting       | 1 |  1.2
Spellcasting   | 1 |  1.1
Polearms       | |  3.0
Dodging        | |  1.7
Stealth        | |  4.0
Evocations     | |  3.2

Action                     || total
---------------------------++-------
  Melee: Dagger            ||    25
         Constrict         ||    10
         Tentacles         ||     7
   Stab: Sleeping          ||     1
 Armour: Skin              ||     4
  Dodge: Dodged            ||     8

Table legend: (Time is in decaauts)
 A = Elapsed time spent in this place.
 B = Non-inter-level travel time spent in this place.
 C = Inter-level travel time spent in this place.
 D = Time resting spent in this place.
 E = Time spent auto-exploring this place.
 F = Levels seen in this place.
 G = Mean time per level.
                   A        B        C        D        E       F      G
               +--------+--------+--------+--------+--------+-----+--------+
         Total |    250 |    250 |      0 |      0 |    161 |   1 |  250.0 |
       Dungeon |    250 |    250 |      0 |      0 |    161 |   1 |  250.0 |
               +--------+--------+--------+--------+--------+-----+--------+

Top non-repeatable levels by time:
     D:1: 250 daAuts
